 Dungeon Sprint DCSS version 0.21.0-3-g78d12a8 (webtiles) character file.

258 wojtek the Cleaver (level 5, -3/52 HPs)
             Began as a Minotaur Berserker on Jan 13, 2018.
             Was a Priest of Trog.
             Slain by a scorpion (8 damage)
             ... in the Dungeon (Sprint IV: "Fedhas' Mad Dash").
             The game lasted 00:01:36 (856 turns).

wojtek the Cleaver (Minotaur Berserker)              Turns: 856, Time: 00:01:36

Health: -3/52      AC:  7    Str: 22    XL:     5   Next: 94%
Magic:  3/4        EV: 12    Int:  4    God:    Trog [***...]
Gold:   115        SH:  0    Dex: 10    Spells: 4/4 levels left

rFire    . . .     SeeInvis .   a - +0 hand axe
rCold    . . .     Gourm    .   (no shield)
rNeg     . . .     Faith    .   k - +0 scale mail
rPois    .         Spirit   .   (helmet restricted)
rElec    .         Reflect  .   (no cloak)
rCorr    .         Harm     .   (no gloves)
MR       .....     NoTele   +   (no boots)
Stlth    ..........             l - amulet of invisibility {+Inv}
HPRegen  0.17/turn              (no ring)
MPRegen  0.09/turn              (no ring)

@: berserk cooldown, very slightly contaminated, slowed, invisible (expiring),
very slow
A: retaliatory headbutt, horns 2
a: Berserk, Trog's Hand, Burn Spellbooks, Renounce Religion


You were in the Dungeon.
You worshipped Trog.
Trog was most pleased with you.
You were not hungry.

You visited 1 branch You collected 115 gold pieces.

Inventory:

Hand Weapons
 a - a +0 hand axe (weapon)
Armour
 b - a +0 animal skin
 k - a +0 scale mail (worn)
Jewellery
 l - the amulet of invisibility (around neck) {+Inv}
   (You found it in the Dungeon)

   [amulet of nothing]

   It lets you turn invisible.
Scrolls
 i - a scroll of blinking
Potions
 d - a potion of curing
 e - a potion of heal wounds
 f - a potion of haste
 g - 2 potions of magic
 h - a potion of berserk rage


   Skills:
 + Level 7.5 Fighting
 * Level 10.0 Axes
 + Level 7.0 Armour
 + Level 6.3 Dodging


You had 4 spell levels left.
You didn't know any spells.

Dungeon Overview and Level Annotations

Branches:
Dungeon (1/1)

Altars:
Cheibriados
Dithmenos
Elyvilon
Gozag
Hepliaklqana
Kikubaaqudgha
Makhleb
Nemelex Xobeh
Okawaru
Qazlal
Ru
Sif Muna
Trog
Uskayaw
Vehumet
Wu Jian
Xom
Yredelemnul
Zin
The Shining One
Beogh
Jiyva
Lugonu

Shops:
D (!


Innate Abilities, Weirdness & Mutations

You reflexively headbutt those who attack you in melee.
You have a pair of horns on your head.


Message History

You hit the wandering mushroom but do no damage.
You headbutt the wandering mushroom!
The wandering mushroom is moderately damaged.
You closely miss the scorpion.
You flicker for a moment.
The wandering mushroom closely misses you.
The scorpion stings you.
You feel less confused. The burning bush throws fire at you.
The puff of flame hits you!
* * * LOW HITPOINT WARNING * * *
The wandering mushroom closely misses you. x2
The scorpion closely misses you. You furiously retaliate!
You headbutt the scorpion!
You see here 15 arrows.
The burning bush throws fire at you. The puff of flame hits you!
* * * LOW HITPOINT WARNING * * *
The scorpion stings you!
You die...

#####################
_._._.⌠.#.()...#....#
._._._..'.)#.†.#.f.P+
_._._...#..###'##.()#
._._._..#..##∩∩.@s.f#
_._._.⌠.#############
#########


You could see 2 wandering mushrooms, a burning bush and a scorpion.

Vanquished Creatures
  A scorpion (D)
  4 oklob saplings (D)
  A worker ant (D)
  2 spriggans (D)
  A river rat (D)
  A rat (D)
10 creatures vanquished.

Notes
Turn   | Place    | Note
-------+----------+-------------------------------------------
     0 | D        | wojtek the Minotaur Berserker began the quest for the Orb.
     0 | D        | Reached XP level 1. HP: 19/19 MP: 0/0
     9 | D        | Reached skill level 4 in Axes
     9 | D        | Reached XP level 2. HP: 19/27 MP: 1/1
    97 | D        | Noticed an oklob sapling
    99 | D        | Killed an oklob sapling
    99 | D        | Reached ** piety under Trog
    99 | D        | Reached skill level 6 in Axes
    99 | D        | Reached XP level 3. HP: 35/35 MP: 2/2
   102 | D        | Found the amulet of invisibility {+Inv}
   104 | D        | Reached skill level 5 in Fighting
   168 | D        | Noticed an oklob sapling
   337 | D        | Killed an oklob sapling
   337 | D        | Reached skill level 7 in Axes
   337 | D        | Reached skill level 5 in Armour
   337 | D        | Reached XP level 4. HP: 19/44 MP: 0/3
   511 | D        | Found an opulent altar of Gozag.
   511 | D        | Found a hazy altar of Hepliaklqana.
   511 | D        | Found a roughly hewn altar of Beogh.
   511 | D        | Found a snail-covered altar of Cheibriados.
   514 | D        | Found a viscous altar of Jiyva.
   514 | D        | Found a burning altar of Makhleb.
   514 | D        | Found a sparkling altar of Nemelex Xobeh.
   514 | D        | Found a sacrificial altar of Ru.
   514 | D        | Found a deep blue altar of Sif Muna.
   514 | D        | Found a bloodstained altar of Trog.
   514 | D        | Found an ornate altar of the Wu Jian Council.
   514 | D        | Found a shimmering altar of Xom.
   514 | D        | Found a basalt altar of Yredelemnul.
   515 | D        | Found an iron altar of Okawaru.
   515 | D        | Found a shadowy altar of Dithmenos.
   515 | D        | Found a glowing silver altar of Zin.
   516 | D        | Found an ancient bone altar of Kikubaaqudgha.
   516 | D        | Found a hide-covered altar of Uskayaw.
   517 | D        | Found a stormy altar of Qazlal.
   517 | D        | Found a glowing golden altar of the Shining One.
   517 | D        | Found a white marble altar of Elyvilon.
   518 | D        | Found a radiant altar of Vehumet.
   518 | D        | Found a corrupted altar of Lugonu.
   523 | D        | Reached skill level 8 in Axes
   523 | D        | Reached skill level 5 in Dodging
   699 | D        | Reached *** piety under Trog
   699 | D        | Reached XP level 5. HP: 42/51 MP: 4/4
   748 | D        | Reached skill level 9 in Axes
   752 | D        | Reached skill level 10 in Axes
   843 | D        | Found Cazing's Distillery.
   843 | D        | Found Moca Eqa's Antique Weapon Emporium.
   847 | D        | Noticed a burning bush
   847 | D        | Noticed a wandering mushroom
   849 | D        | Noticed a wandering mushroom
   856 | D        | Slain by a scorpion

Skill      XL: |  1  2  3  4  5 |
---------------+----------------+-----
Fighting       | 4 5 6 7 |  7.5
Axes           | 4 6 7 8 10 | 10.0
Armour         | 3 4 5 6 7 |  7.0
Dodging        | 3 4 5 6 |  6.3

Action                   |  1- 3 |  4- 6 || total
-------------------------+-------+-------++-------
Melee: Hand axe          |    15 |    11 ||    26
       Headbutt          |     4 |     4 ||     8
Invok: Berserk           |     1 |     3 ||     4
       Trog's Hand       |       |     1 ||     1
 Abil: Evoke Invisibilit |     1 |     3 ||     4
 Stab: Invisible         |     2 |       ||     2
  Eat: Ration            |       |     2 ||     2
Armor: Scale mail        |       |     1 ||     1
Dodge: Dodged            |     4 |     9 ||    13
